 Dungeon Sprint DCSS version 0.22-a0-618-gd6a3efe (webtiles) character file.

255 Kidiri the Covert (level 5, -3/25 (27) HPs)
             Began as a Spriggan Enchanter on July 14, 2018.
             Slain by a necrophage (7 damage)
             ... in the Dungeon (Sprint II: "The Violet Keep of Menkaure").
             The game lasted 00:01:42 (82 turns).

Kidiri the Covert (Spriggan Enchanter)                Turns: 82, Time: 00:01:42

HP:   -3/25 (27)    AC:  2    Str:  4    XL:     5   Next: 91%
MP:   15/15         EV: 23    Int: 17    God:
Gold: 0             SH:  0    Dex: 17    Spells: 16/17 levels left

rFire    . . .     SeeInvis +   a - +1 dagger
rCold    . . .     Gourm    .   (shield restricted)
rNeg     . . .     Faith    .   b - +0 robe
rPois    .         Spirit   .   (helmet restricted)
rElec    .         Reflect  .   (no cloak)
rCorr    .         Harm     .   (gloves unavailable)
MR       .....     NoTele   +   (boots unavailable)
Stlth    ++++......             (no amulet)
HPRegen  0.08/turn              (no ring)
MPRegen  0.14/turn              (no ring)

@: very quick
A: very small, unfitting armour, see invisible, herbivore, speed 3, slow
metabolism 2
a: no special abilities


You were in the Dungeon.
You were not hungry.

You visited 1 branch

Inventory:

Hand Weapons
 a - a +1 dagger (weapon)
Armour
 b - a +0 robe (worn)
Scrolls
 j - a scroll of blinking
Potions
 g - a potion of haste
 h - a potion of magic
Comestibles
 d - a ration


   Skills:
 + Level 2.7 Fighting
 * Level 5.7 Short Blades
 + Level 2.5 Armour
 * Level 8.0 Dodging
 * Level 9.3 Stealth
 * Level 6.8 Spellcasting
 + Level 5.6 Hexes


You had 16 spell levels left.
You knew the following spells:

 Your Spells              Type           Power        Failure   Level  Hunger
a - Corona                Hex            ####...      1%          1    None

Your spell library contained the following spells:

 Spells                   Type           Power        Failure   Level  Hunger
 Confuse                  Hex            ####....     3%          3    ##.....
 Tukima's Dance           Hex            ####....     3%          3    ##.....
 Ensorcelled Hibernation  Hex/Ice        ###...       5%          2    None
 Dazzling Spray           Conj/Hex       ###...       11%         3    ##.....


Dungeon Overview and Level Annotations

Branches:
Dungeon (1/1)

Altars:


Innate Abilities, Weirdness & Mutations

You are very small and have problems with some larger weapons.
You are too small for most types of armour.
You have supernaturally acute eyesight. (SInv)
You are a herbivore.
You cover ground extremely quickly.
You need to consume almost no food.


Message History

The necrophage is severely damaged.
The necrophage barely misses you.
You hit the necrophage.
The necrophage is severely damaged.
The necrophage barely misses you.
You hit the necrophage.
The necrophage is almost destroyed.
You recover from your berserk rage.
You hit the necrophage but do no damage.
The necrophage is almost destroyed.
The necrophage completely misses you.
You closely miss the necrophage.
The necrophage is almost destroyed.
The necrophage misses you.
You hit the necrophage.
The necrophage is almost destroyed.
You hit the necrophage.
The necrophage is almost destroyed.
The necrophage hits you!
You die...

## ##
##. .##
#..#..#
#.$.#
#@#
##n##
+.<.+
##.##
#+#


You could see a necrophage.

Vanquished Creatures
  3 necrophages (D)
3 creatures vanquished.

Notes
Turn   | Place    | Note
-------+----------+-------------------------------------------
     0 | D        | Kidiri the Spriggan Enchanter began the quest for the Orb.
     0 | D        | Reached XP level 1. HP: 9/9 MP: 5/5
     1 | D        | Noticed a necrophage
     1 | D        | Noticed a necrophage
     1 | D        | Noticed a necrophage
     1 | D        | Noticed a necrophage
     9 | D        | Killed a necrophage
     9 | D        | Reached skill level 1 in Fighting
     9 | D        | Reached skill level 1 in Armour
     9 | D        | Reached skill level 5 in Dodging
     9 | D        | Reached skill level 7 in Stealth
     9 | D        | Reached skill level 5 in Spellcasting
     9 | D        | Reached XP level 2. HP: 15/15 MP: 3/9
     9 | D        | Reached XP level 3. HP: 18/18 MP: 3/10
     9 | D        | Reached XP level 4. HP: 23/23 MP: 3/12
    18 | D        | Killed a necrophage
    18 | D        | Reached skill level 5 in Short Blades
    18 | D        | Reached skill level 8 in Stealth
    18 | D        | Reached skill level 5 in Hexes
    18 | D        | Reached XP level 5. HP: 26/26 MP: 4/14
    25 | D        | Killed a necrophage
    25 | D        | Reached skill level 9 in Stealth
    82 | D        | Slain by a necrophage

Vault maps used:
D:        the_violet_keep_of_menkaure

Skill      XL: |  1  2  3  4  5 |
---------------+----------------+-----
Fighting       | 1 2 |  2.7
Short Blades   | 3 5 |  5.7
Armour         | 1 2 |  2.5
Dodging        | 5 7 8 |  8.0
Stealth        | 7 8 9 |  9.3
Spellcasting   | 5 6 |  6.8
Hexes          | 4 5 |  5.6

Action                   |  1- 3 |  4- 6 || total
-------------------------+-------+-------++-------
Melee: Dagger            |     5 |    53 ||    58
 Cast: Corona            |     2 |    10 ||    12
  Use: Potion            |     1 |     3 ||     4
Armor: Robe              |       |     1 ||     1
Dodge: Dodged            |     3 |    45 ||    48

Table legend:
 A = Spawn XP
 B = Non-spawn XP
 C = Spawn XP percentage of total XP
 D = Spawn monster count
 E = Non-spawn monster count
 F = Spawn count percentage of total count
 G = Total turns spent on level
                    A         B        C        D         E        F      G
               +---------+---------+-------+---------+---------+-------+---------
         Total |       0 |     365 |   0.0 |       0 |       3 |   0.0 |    82
               +---------+---------+-------+---------+---------+-------+---------
             D |       0 |     365 |   0.0 |       0 |       3 |   0.0 |    82
               +---------+---------+-------+---------+---------+-------+---------
